 Dungeon Crawl Stone Soup version 0.23.1 (webtiles) character file.

Game seed: 2262175272263173267

11214 poirepourri the Severer (level 11, -7/104 HPs)
             Began as a Minotaur Fighter on Mar 8, 2019.
             Was a Priest of Okawaru.
             Killed from afar by Erolcha (46 damage)
             ... with a crystal spear
             ... on level 11 of the Dungeon.
             The game lasted 00:13:33 (10788 turns).

poirepourri the Severer (Minotaur Fighter)         Turns: 10788, Time: 00:13:34

Health: -7/104     AC: 10    Str: 21      XL:     11   Next: 46%
Magic:  10/10      EV: 22    Int:  9      God:    Okawaru [***...]
Gold:   580        SH: 12    Dex: 12 (13) Spells: 10/10 levels left

rFire    . . .     SeeInvis +   a - +2 war axe
rCold    . . .     Gourm    .   c - +3 shield
rNeg     . . .     Faith    .   f - +0 scale mail
rPois    .         Spirit   .   (helmet restricted)
rElec    .         Reflect  .   u - +0 cloak
rCorr    .         Harm     .   t - +0 pair of gloves
MR       .....                  w - +0 pair of boots
Stlth    ..........             d - amulet of the acrobat
HPRegen  0.27/turn              j - +4 ring of intelligence
MPRegen  0.12/turn              q - ring of see invisible

@: marked, acrobat, hasted, very quick
A: retaliatory headbutt, horns 2
a: Heroism, Renounce Religion


You were on level 11 of the Dungeon.
You worshipped Okawaru.
Okawaru was most pleased with you.
You were not hungry.

You visited 2 branches of the dungeon, and saw 12 of its levels.
You also visited: Bailey.

You collected 628 gold pieces.
You spent 48 gold pieces at shops.

Inventory:

Hand Weapons
 a - a +2 war axe (weapon)
 b - a +1 flail of protection
Missiles
 i - 89 bolts
Armour
 c - a +3 shield (worn)
 f - a +0 scale mail (worn)
 t - a +0 pair of gloves (worn)
 u - a +0 cloak (worn)
 w - a +0 pair of boots (worn)
Jewellery
 d - an amulet of the acrobat (around neck)
 j - a +4 ring of intelligence (left hand)
 q - a ring of see invisible (right hand)
Wands
 z - a wand of random effects (12)
Scrolls
 p - 2 scrolls of identify
 v - 4 scrolls of remove curse
 x - a scroll of blinking
 y - 4 scrolls of teleportation
Potions
 e - 2 potions of flight
 g - 2 potions of resistance
 h - 2 potions of brilliance
 k - 5 potions of lignification
 l - 3 potions of mutation
 m - 2 potions of curing
 n - a potion of cancellation
 o - a potion of magic
 r - a potion of berserk rage
 s - 2 potions of haste
 A - 3 potions of invisibility
 C - a potion of might


   Skills:
 + Level 12.1 Fighting
 - Level 17.1 Axes
 - Level 3.6 Armour
 - Level 3.6 Shields


You had 10 spell levels left.
You didn't know any spells.
Your spell library contained the following spells:

 Spells                   Type           Power        Failure   Level  Hunger
 Animate Skeleton         Necr           N/A          99%         1    ##.....
 Apportation              Tloc           #.....       99%         1    ##.....
 Beastly Appendage        Tmut           #.....       99%         1    ##.....
 Confusing Touch          Hex            #.....       99%         1    ##.....
 Corona                   Hex            #......      99%         1    ##.....
 Magic Dart               Conj           #...         99%         1    ##.....
 Shock                    Conj/Air       #...         99%         1    ##.....
 Summon Small Mammal      Summ           #...         99%         1    ##.....
 Blink                    Tloc           N/A          100%        2    ###....
 Call Imp                 Summ           #.......     100%        2    ###....
 Ensorcelled Hibernation  Hex/Ice        #.....       100%        2    ###....
 Slow                     Hex            #.......     100%        2    ###....
 Sticks to Snakes         Tmut           #.......     100%        2    ###....
 Swiftness                Chrm/Air       #.......     100%        2    ###....
 Confuse                  Hex            #.......     100%        3    ####...
 Conjure Flame            Conj/Fire      #.......     100%        3    ####...
 Dazzling Spray           Conj/Hex       #.....       100%        3    ####...
 Mephitic Cloud           Conj/Pois/Air  #.......     100%        3    ####...
 Spider Form              Tmut/Pois      #.........   100%        3    ####...
 Static Discharge         Conj/Air       #.......     100%        3    ####...
 Tukima's Dance           Hex            #.......     100%        3    ####...
 Airstrike                Air            #.........   100%        4    #####..
 Ice Form                 Ice/Tmut       #.......     100%        4    #####..
 Blade Hands              Tmut           #.........   100%        5    ######.
 Lightning Bolt           Conj/Air       #.........   100%        5    ######.


Dungeon Overview and Level Annotations

Branches:
Dungeon (11/15)            Temple (1/1) D:5            Lair (0/6) D:10
    Orc: D:9-12

Altars:
Ashenzari
Cheibriados
Dithmenos
Elyvilon
Fedhas
Gozag
Hepliaklqana
Kikubaaqudgha
Makhleb
Nemelex Xobeh
Okawaru
Qazlal
Ru
Sif Muna
Trog
Uskayaw
Vehumet
Wu Jian
Xom
Yredelemnul
Zin
The Shining One

Shops:
D:7 }   D:8 *

Annotations:
D:11 Erica, Erolcha


Innate Abilities, Weirdness & Mutations

You reflexively headbutt those who attack you in melee.
You have a pair of horns on your head.


Message History

Aim: a quokka The mass of ice explodes!
The iceblast engulfs the quokka!
You kill the quokka!
Okawaru accepts your kill. The iceblast engulfs you!
The wight hits you from afar with a +0 halberd.
Erolcha points at you and mumbles some strange words.
The crystal spear hits you!!
Erolcha mumbles some strange words.
Erolcha seems to speed up.
You feel better. You block Erolcha's attack.
You feel yourself speed up.
The wight hits you from afar with a +0 halberd!
Erolcha barely misses you. You furiously retaliate!
You headbutt Erolcha, but do no damage.
Erica the Fiery-Tempered comes into view.
She is wielding a +2 scimitar of flaming and carrying a wand of acid (9).
A wight opens the door.
Erolcha casts a spell at you. The crystal spear hits you!!!
You die...

#. .### ..# ##.##
#.#############†#..$...
................)......
..##.....#.Fz#..)#.....
#.....#.#.#O'...# ...
##.........#.#.^.# #
#......#.###@#...#
'....#'#............
#......)@########.#.
#......).#......#.#
#.......)(....# #
#...##.#......#.# ###
#.#......#.###
....##...†....#
.....#....<..#...


You could see Erica, Erolcha, a bullfrog and a wight.

Vanquished Creatures
  A two-headed ogre (D:8)
  A kobold demonologist (D:10)
  A troll (D:10)
  2 hippogriffs
  Sigmund (D:3)
  13 yaks
  3 hungry ghosts
  An acid dragon (D:11)
  6 porcupines
  2 sky beasts
  5 black bears
  4 orc warriors
  5 phantoms
  A necrophage (D:5)
  3 centaurs
  4 ogres
  A crocodile (D:8)
  12 big kobolds
  8 bullfrogs
  Blork the orc (D:6)
  A wyvern skeleton (D:10)
  4 scorpions
  11 killer bees
  14 wights
  9 howler monkeys
  A crimson imp (D:7)
  A bullfrog zombie (D:11)
  9 hounds
  4 orc priests
  Crazy Yiuf (D:5)
  A jelly (D:8)
  5 orc wizards
  2 bullfrog skeletons
  A centaur skeleton (D:10)
  2 iguanas
  Terence (D:2)
  11 worker ants
  2 hound skeletons (D:8)
  2 worker ant zombies (D:8)
  8 adders
  4 shadow imps
  An adder skeleton (D:9)
  A worm (D:3)
  3 dart slugs
  10 leopard geckos
  42 orcs
  4 bat zombies (D:4)
  4 giant cockroaches
  7 goblins
  4 hobgoblins
  12 jackals
  5 quokkas
  2 ball pythons
  A ball python skeleton (D:5)
  8 bats
  2 frilled lizards
  A giant cockroach zombie (D:5)
  26 kobolds
  12 kobold skeletons (D:10)
  6 kobold zombies (D:10)
  A quokka skeleton (D:4)
  4 rats
  3 fungi
  A plant (D:10)
329 creatures vanquished.

Vanquished Creatures (others)
  27 fungi (D:10)
  6 plants (D:10)
33 creatures vanquished.

Grand Total: 362 creatures vanquished

Notes
Turn   | Place    | Note
-------+----------+-------------------------------------------
     0 | D:1      | poirepourri the Minotaur Fighter began the quest for the
                  | Orb.
     0 | D:1      | Reached XP level 1. HP: 19/19 MP: 0/0
   158 | D:1      | Reached skill level 3 in Axes
   242 | D:1      | Reached XP level 2. HP: 25/26 MP: 1/1
   805 | D:2      | Noticed Terence
   812 | D:2      | Killed Terence
   812 | D:2      | Reached skill level 4 in Axes
   812 | D:2      | Reached XP level 3. HP: 29/31 MP: 2/2
   987 | D:2      | Noticed a phantom
  1015 | D:2      | Killed a phantom
  1015 | D:2      | Reached skill level 6 in Axes
  1015 | D:2      | Reached XP level 4. HP: 34/39 MP: 3/3
  1325 | D:2      | Found a shadowy altar of Dithmenos.
  1476 | D:3      | Reached XP level 5. HP: 45/45 MP: 4/4
  1483 | D:3      | Noticed Sigmund
  1513 | D:3      | Killed Sigmund
  1513 | D:3      | Reached skill level 7 in Axes
  1513 | D:3      | Reached XP level 6. HP: 32/51 MP: 5/5
  1667 | D:3      | Reached skill level 8 in Axes
  1765 | D:3      | Found an opulent altar of Gozag.
  1784 | D:3      | You fall through a shaft!
  1952 | D:4      | Reached skill level 9 in Axes
  2205 | D:4      | Reached XP level 7. HP: 57/57 MP: 6/6
  2221 | D:4      | Found an ancient bone altar of Kikubaaqudgha.
  2324 | D:5      | Entered Level 5 of the Dungeon
  2341 | D:5      | Found a shimmering altar of Xom.
  2470 | D:5      | Reached skill level 10 in Axes
  2641 | D:5      | Found a runed translucent door.
  2642 | D:5      | Noticed Crazy Yiuf
  2652 | D:5      | Killed Crazy Yiuf
  2858 | D:5      | Found a staircase to the Ecumenical Temple.
  2872 | Temple   | Entered the Ecumenical Temple
  3221 | D:5      | Found a white marble altar of Elyvilon.
  3252 | D:6      | Found a snail-covered altar of Cheibriados.
  3281 | D:6      | Reached skill level 11 in Axes
  3362 | D:6      | Reached XP level 8. HP: 52/64 MP: 7/7
  3411 | D:6      | Reached skill level 12 in Axes
  3487 | D:6      | Found a sacrificial altar of Ru.
  3557 | D:6      | Noticed Blork the orc
  3564 | D:6      | Killed Blork the orc
  3634 | D:6      | Reached skill level 13 in Axes
  3999 | D:7      | Found a flagged portal.
  4012 | Bailey   | Entered a bailey
  4108 | Bailey   | Noticed an orc knight
  4108 | Bailey   | Noticed an orc knight
  4784 | D:7      | Reached XP level 9. HP: 70/70 MP: 8/8
  4859 | D:7      | Found Resypiw's Gadget Boutique.
  4900 | D:7      | Reached skill level 14 in Axes
  5441 | D:7      | Found a bloodstained altar of Trog.
  5527 | D:8      | Reached skill level 15 in Axes
  5958 | D:8      | Reached skill level 16 in Axes
  6029 | D:8      | Reached XP level 10. HP: 50/77 MP: 9/9
  6041 | D:8      | Found Qepnaoj's General Store.
  6065 | D:8      | Bought a scroll of identify for 24 gold pieces
  6065 | D:8      | Bought a scroll of identify for 24 gold pieces
  6071 | D:8      | Noticed a two-headed ogre
  6080 | D:8      | Killed a two-headed ogre
  6085 | D:8      | Found a hazy altar of Hepliaklqana.
  6289 | D:8      | Found a white marble altar of Elyvilon.
  6653 | D:9      | Reached skill level 17 in Axes
  7067 | D:9      | Reached skill level 5 in Fighting
  7834 | D:3      | Found a basalt altar of Yredelemnul.
  7834 | D:3      | Found an iron altar of Okawaru.
  7882 | D:3      | Found a glowing golden altar of the Shining One.
  8470 | D:3      | Became a worshipper of Warmaster Okawaru
  8649 | D:10     | Entered Level 10 of the Dungeon
  8734 | D:9      | HP: 4/84 [black bear (2)]
  9268 | D:10     | Found a staircase to the Lair.
  9283 | D:10     | Reached * piety under Okawaru
  9318 | D:10     | Reached XP level 11. HP: 15/97 MP: 10/10
  9860 | D:10     | Reached ** piety under Okawaru
  9892 | D:10     | Reached skill level 10 in Fighting
 10545 | D:10     | Found an ancient bone altar of Kikubaaqudgha.
 10559 | D:10     | Noticed a sun demon
 10596 | D:10     | Reached *** piety under Okawaru
 10776 | D:11     | Noticed Erolcha
 10788 | D:11     | Noticed Erica
 10788 | D:11     | Killed from afar by Erolcha

Skill      XL: |  1  2  3  4  5  6  7  8  9 10 11 |
---------------+----------------------------------+-----
Axes           | 3 4 6 7 9 11 13 16 17 | 17.1
Fighting       | 9 12 | 12.1
Armour         | |  3.6
Shields        | |  3.6

Action                   |  1- 3 |  4- 6 |  7- 9 | 10-12 || total
-------------------------+-------+-------+-------+-------++-------
Melee: War axe           |    39 |    99 |   347 |   408 ||   893
       Headbutt          |     3 |    18 |    60 |    89 ||   170
Throw: Tomahawk          |       |     2 |     8 |       ||    10
Evoke: Wand              |       |       |    24 |     7 ||    31
  Use: Scroll            |     7 |     3 |    11 |     8 ||    29
       Potion            |       |     1 |     3 |     4 ||     8
  Eat: Ration            |       |     2 |     4 |     5 ||    11
       Chunk             |       |       |       |     1 ||     1
Armor: Scale mail        |    23 |    27 |    95 |   121 ||   266
       Skin              |       |    10 |       |       ||    10
Dodge: Dodged            |    18 |    19 |   110 |   109 ||   256
Block: Shield            |    21 |    48 |   180 |   198 ||   447
